 Dungeon Crawl Stone Soup version 0.20-a0-434-g93bceec (webtiles) character file.

200 Colliwobble the Chopper (level 5, -8/45 HPs)
             Began as a Hill Orc Abyssal Knight on Jan 5, 2017.
             Was a Believer of Lugonu.
             Killed by divine providence
             ... invoked by an orc priest
              (11 damage)
             ... on level 3 of the Dungeon.
             The game lasted 00:05:22 (2515 turns).

Colliwobble the Chopper (Hill Orc Abyssal Knight)   Turns: 2515, Time: 00:05:22

Health: -8/45      AC:  6    Str: 16    XL:     5   Next: 79%
Magic:  8/8        EV:  9    Int: 12    God:    Lugonu [**....]
Gold:   174        SH:  3    Dex: 10    Spells: 4/4 levels left

rFire  + . .     SeeInvis .     a - +1 hand axe (chop)
rCold  . . .     Gourm    .     j - +0 ring mail
rNeg   . . .     Faith    .     f - +0 buckler
rPois  .         Spirit   .     (no helmet)
rElec  .         Reflect  .     (no cloak)
rCorr  .         Harm     .     (no gloves)
MR     .....                    o - +0 pair of boots
Stlth  ..........               (no amulet)
                                (no ring)
                                q - ring of protection from fire

@: no status effects
A: no striking features
a: Depart the Abyss, Bend Space, Renounce Religion, Convert to Beogh


You were on level 3 of the Dungeon.
You worshipped Lugonu.
Lugonu was pleased with you.
You were not hungry.

You visited 1 branch of the dungeon, and saw 3 of its levels.
You visited the Abyss 1 time.

You collected 174 gold pieces.

Inventory:

Hand Weapons
 a - a +1 hand axe of chopping (weapon)
Armour
 f - a +0 buckler (worn)
 j - a +0 ring mail (worn)
 o - a +0 pair of boots (worn)
Jewellery
 q - a ring of protection from fire (left hand)
Wands
 u - a wand of lightning (8/15)
Scrolls
 b - a scroll of identify {unknown}
 e - 2 scrolls of fear {unknown}
 h - a scroll of teleportation {unknown}
 k - 2 scrolls of blinking {unknown}
 s - a scroll of enchant weapon {unknown}
Potions
 i - 2 potions of curing {unknown}
 n - 3 potions of lignification {unknown}
 p - a potion of heal wounds {unknown}
 t - 2 potions of degeneration {unknown}
 v - a potion of agility {unknown}
Books
 r - a book of Minor Magic

   Spells                             Type                      Level
   a - Magic Dart                     Conjuration                  1
   b - Blink                          Translocation                2
   c - Call Imp                       Summoning                    2
   d - Repel Missiles                 Charms/Air                   2
   e - Slow                           Hexes                        2
   f - Conjure Flame                  Conjuration/Fire             3
   g - Mephitic Cloud                 Conjuration/Poison/Air       3
Comestibles
 c - 4 bread rations
 d - 5 fruits
 g - a meat ration
 l - 2 chunks of flesh
 m - 2 beef jerkies


   Skills:
 - Level 3.6 Fighting
 * Level 6.4 Axes
 - Level 2.1 Armour
 - Level 0.7 Dodging
 + Level 4.7 Invocations


You had 4 spell levels left.
You didn't know any spells.

Dungeon Overview and Level Annotations

Branches:
Dungeon (3/15)

Altars:
Kikubaaqudgha
Nemelex Xobeh


Message History

The orc priest invokes the aid of Beogh against you.
Beogh smites you!
You are too injured to fight recklessly!
You are too injured to fight recklessly!
Space bends around you!
You blink.
The orc priest looks braver for a moment.
The orc priest mumbles some strange prayers to Beogh against you.
You barely resist. The orc hits you but does no damage.
The orc priest mumbles some strange prayers to Beogh against you.
Beogh smites you!
* * * LOW HITPOINT WARNING * * *
You open the door.
The orc priest begins to cast a cantrip, but forgets the words!
The orc barely misses you.
A hobgoblin comes into view. It is wielding a club.
There is an open door here.
You close the door.
An orc opens the door.
The orc priest invokes the aid of Beogh against you.
Beogh smites you!
You die...

#o...#.#.g.########.# #..# #.
#o#§#.###.## #.# #..# #.
#o##.## #.# #.#####..###. #.
### #.# #........#... ..
##o## #####.####.#. #.
#.##...## ##### #.# #.#. #g
#.#....g####...## #.# #.#. .g
#........##⌠.⌠..###.# #.##
###....g...o@._....##.####.##
............+⌠.⌠.............
............##.........#.....
####.......######)###..#..###
##.....## #.# #......##
##...## #.###...P...# ##'##
#.##..P.PP... #.#
#.##...♣...#.
##(#########.##.........


You could see an orc priest, an orc, a hobgoblin and a goblin.

Vanquished Creatures
  Ijyb (D:2)
  An orc wizard (D:3)
  6 adders
  A gnoll (D:3)
  2 worms (D:2)
  4 dart slugs
  2 leopard geckos (D:1)
  5 orcs (D:3)
  A ball python (D:3)
  7 bats
  5 giant cockroaches
  8 goblins
  6 hobgoblins
  4 jackals (D:3)
  6 frilled lizards
  6 kobolds
  A rat (D:3)
66 creatures vanquished.

Notes
Turn   | Place    | Note
-------+----------+-------------------------------------------
     0 | Abyss:1  | Colliwobble the Hill Orc Abyssal Knight began the quest for the Orb.
     0 | Abyss:1  | Reached XP level 1. HP: 19/19 MP: 2/2
    14 | D:1      | Escaped the Abyss
    97 | D:1      | Reached skill level 3 in Axes
   136 | D:1      | Reached XP level 2. HP: 25/26 MP: 3/3
   666 | D:1      | Reached XP level 3. HP: 31/31 MP: 5/5
   679 | D:1      | Reached skill level 4 in Axes
   840 | D:2      | Reached ** piety under Lugonu
  1018 | D:2      | Noticed Ijyb
  1033 | D:2      | Killed Ijyb
  1033 | D:2      | Reached skill level 5 in Axes
  1033 | D:2      | Reached XP level 4. HP: 32/39 MP: 6/6
  1623 | D:3      | Reached XP level 5. HP: 11/45 MP: 8/8
  1968 | D:3      | Reached skill level 6 in Axes
  2196 | D:3      | Found a sparkling altar of Nemelex Xobeh.
  2349 | D:3      | Found an ancient bone altar of Kikubaaqudgha.
  2505 | D:3      | HP: 1/45 [orc priest/divine providence (14)]
  2515 | D:3      | Killed from afar by an orc priest

Vault maps used:
D:1:      onia_arrival_mini_spirals, nrook_mini_backslash
D:2:      uniq_iyjb
D:3:      overflow_temple_1_default, nemelex_xobeh_ov_fountains_minmay,
          lemuel_round_altar, first_bread, serial_park_tiny_2,
          cheibrodos_gnoll_hut, uniq_robin

Skill      XL: |  1  2  3  4  5 |
---------------+----------------+-----
Axes           | 3 5 6 |  6.4
Invocations    | 3 4 |  4.7
Fighting       | |  3.6
Armour         | |  2.1
Dodging        | |  0.7

Action                   |  1- 3 |  4- 6 || total
-------------------------+-------+-------++-------
Melee: Hand axe          |   109 |   139 ||   248
Invok: Bend Space        |       |     1 ||     1
  Eat: Chunk             |       |     5 ||     5
Armor: Leather armour    |    12 |       ||    12
       Ring mail         |    27 |    51 ||    78
Dodge: Dodged            |    57 |    38 ||    95
Block: Buckler           |     5 |    16 ||    21
